 Dungeon Crawl Stone Soup version 0.24-a0-169-g71aafec (webtiles) character file.

Game seed: 7994207001546489137

2 Borgoz the Sneak (level 1, -1/14 HPs)
             Began as a Ghoul Enchanter on Mar 8, 2019.
             Slain by a hobgoblin (3 damage)
             ... on level 1 of the Dungeon.
             The game lasted 00:00:28 (53 turns).

Borgoz the Sneak (Ghoul Enchanter)                    Turns: 53, Time: 00:00:28

Health: -1/14      AC:  2    Str: 14    XL:     1   Next: 40%
Magic:  0/2        EV: 12    Int: 10    God:
Gold:   0          SH:  0    Dex:  9    Spells: 2/3 levels left

rFire    . . .     SeeInvis .   a - +1 dagger
rCold    + . .     Gourm    .   (no shield)
rNeg     + + +     Faith    .   b - +0 robe
rPois    ∞         Spirit   .   (no helmet)
rElec    .         Reflect  .   (no cloak)
rCorr    .         Harm     .   (no gloves)
MR       .....                  (no boots)
Stlth    ++........             (no amulet)
HPRegen  0.00/turn              c - +3 ring of strength
MPRegen  0.08/turn              (no ring)

@: very slightly contaminated, rotting
A: rotting body, claws 1, carnivore, cold resistance 1, negative energy
resistance 3, inhibited regeneration, torment resistance, unbreathing
a: no special abilities


You were on level 1 of the Dungeon.
You were not hungry.

You visited 1 branch of the dungeon, and saw 1 of its levels.

Inventory:

Hand Weapons
 a - a +1 dagger (weapon)
Armour
 b - a +0 robe (worn)
Jewellery
 c - a +3 ring of strength (left claw)
Comestibles
 d - a ration


   Skills:
 + Level 0.2 Fighting
 * Level 1.0 Short Blades
 + Level 0.1 Armour
 + Level 1.8 Dodging
 + Level 3.3 Stealth
 - Level 1.7 Spellcasting
 - Level 2.4 Hexes


You had 2 spell levels left.
You knew the following spells:

 Your Spells              Type           Power        Failure   Level  Hunger
a - Corona                Hex            #......      12%         1    ##.....

Your spell library contained the following spells:

 Spells                   Type           Power        Failure   Level  Hunger
 Ensorcelled Hibernation  Hex/Ice        #.....       30%         2    ###....
 Confuse                  Hex            #.......     34%         3    ####...
 Tukima's Dance           Hex            #.......     34%         3    ####...
 Dazzling Spray           Conj/Hex       #.....       52%         3    ####...


Dungeon Overview and Level Annotations

Branches:
Dungeon (1/15)

Altars:


Innate Abilities, Weirdness & Mutations

Your body is rotting away.
You thrive on raw meat.
You are immune to poison.
You have sharp fingernails.
You are carnivorous and can eat meat at any time.
Your flesh is cold resistant. (rC+)
You are immune to negative energy. (rN+++)
You do not regenerate when monsters are visible.
You are immune to unholy pain and torment.
You can survive without breathing.


Message History

The hobgoblin hits you.
* * * LOW HITPOINT WARNING * * *
You closely miss the hobgoblin.
The hobgoblin is severely wounded.
The hobgoblin barely misses you.
Okay, then.
You aren't carrying any potions.
You aren't carrying any scrolls.
What are your orders? t - Shout!
Orders for allies: a - Attack new target. p - Attack previous target. r - Retreat! s - Stop attacking. g - Guard the area. f - Follow me.
Anything else - Cancel.
Okay, then.
You aren't carrying any scrolls.
You barely miss the hobgoblin.
The hobgoblin is severely wounded.
The hobgoblin hits you.
You die...

≈≈.≈≈≈.≈≈ #.#
≈.≈≈≈≈..≈≈≈. #.#
...≈≈≈≈....###.#
.<.≈≈≈≈...##.#.#
≈≈≈≈≈≈≈≈≈##....#
≈.≈≈≈≈≈...##...#
.≈≈≈≈≈..###..#.#
≈≈≈≈.....#..##l######
......≈....##.gg@...#
######....##..#####.#
####.##..# ####..#
..... ##..... #.h.g..
#....... #.......#


You could see a leopard gecko, a hobgoblin and a goblin.

Vanquished Creatures
  A hobgoblin (D:1)
  A jackal (D:1)
2 creatures vanquished.

Notes
Turn   | Place    | Note
-------+----------+-------------------------------------------
     0 | D:1      | Borgoz the Ghoul Enchanter began the quest for the Orb.
     0 | D:1      | Reached XP level 1. HP: 14/14 MP: 2/2
    45 | D:1      | Reached skill level 1 in Short Blades
    53 | D:1      | Slain by a hobgoblin

Levels and vault maps discovered:
D:1:      dpeg_arrival_subterranean_lakeside_camping, layout_basic

Skill      XL: |  1 |
---------------+----+-----
Short Blades   | 1 |  1.0
Fighting       | |  0.2
Armour         | |  0.1
Dodging        | |  1.8
Stealth        | |  3.3
Spellcasting   | |  1.7
Hexes          | |  2.4

Action                   || total
-------------------------++-------
Melee: Dagger            ||    21
 Cast: Corona            ||     2
Armor: Robe              ||     1
Dodge: Dodged            ||    16

Table legend:
 A = Non-vault XP
 B = Vault XP
 C = Vault XP percentage of total XP
 D = Non-vault monster count
 E = Vault monster count
 F = Vault count percentage of total count
                 A         B        C        D         E       F
            +---------+---------+-------+---------+---------+-------
      Total |       4 |       0 |   0.0 |       2 |       0 |   0.0
            +---------+---------+-------+---------+---------+-------
        D:1 |       4 |       0 |   0.0 |       2 |       0 |   0.0
            +---------+---------+-------+---------+---------+-------
